[Event "Early-Titled-Tuesday-Blitz-January-16-2024"]
[Site "Chess.com"]
[Date "2024.01.16"]
[Round "3"]
[White "Kotofeyca"]
[Black "Kaissa10"]
[Result "0-1"]
[WhiteElo "2434"]
[BlackElo "2239"]
[TimeControl "180+1"]
[EndTime "8:29:12 PST"]
[Termination "Kaissa10 won on time"]

1. d4 d5 2. c4 e6 3. Nc3 h6 4. Nf3 Nf6 5. Bf4 Bd6 6. Bxd6 Qxd6 7. e3 O-O 8. Rc1 c6 9. a3 Nbd7 10. b4 dxc4 11. Bxc4 Nd5 12. O-O a5 13. Ne4 Qe7 14. b5 N7b6 15. bxc6 bxc6 16. Be2 Qxa3 17. Rxc6 Bb7 18. Rc5 Nxe3 19. fxe3 Bxe4 20. Qd2 Nd5 21. Ne5 Qxe3+ 22. Qxe3 Nxe3 23. Ra1 Nc2 24. Raxa5 Nxd4 25.
Bd1 Rxa5 26. Rxa5 Nc6 27. Rc5 Nxe5 28. Rxe5 Rd8 29. Be2 Bf5 30. Kf2 Kf8 31. Ra5 Ke7 32.
Ke3 Rb8 33. g4 Rb3+ 34. Kf4 g5+ 35. Ke5 Re3+ 36. Kd4 Re4+ 37. Kd3 Ra4+ 38. gxf5 Rxa5 39. fxe6 fxe6 40. Bh5 Kf6 41. Ke4 g4 42. Be8 Kg5 43. Ke3 Ra3+ 44. Ke4 h5 45. Bd7 h4 46. Bxe6 g3 47.
hxg3 hxg3 0-1

[Event "Early-Titled-Tuesday-Blitz-January-16-2024"]
[Site "Chess.com"]
[Date "2024.01.16"]
[Round "3"]
[White "KacperKacprzak"]
[Black "Volodar_Murzin"]
[Result "0-1"]
[WhiteElo "2692"]
[BlackElo "2932"]
[TimeControl "180+1"]
[EndTime "8:29:13 PST"]
[Termination "Volodar_Murzin won by resignation"]

1. e4 c5 2. Nf3 e6 3. d4 cxd4 4. Nxd4 Nc6 5. Nc3 a6 6. Nxc6 bxc6 7. e5 Qc7 8. Bf4 Ne7 9. Bd3 a5 10. O-O Ba6 11. Re1 Nd5 12. Bg3 Bb4 13. Ne4 Bxe1 14. Nd6+ Ke7 15. Qxe1 Bxd3 16. cxd3 Qb6 17. Qd2 h6 18.
Re1 Qb4 19. Qc1 Rhb8 20. Re2 Kf8 21. h3 Kg8 22. b3 Nc3 23. Rc2 Nb5 24. Rc4 Qa3 25.
Qd2 Nxd6 26. exd6 Rb4 27. Be5 Rxc4 28. bxc4 Rb8 29. Qe3 Rb1+ 30. Kh2 Qc1 31. Qf3 Qd1 32. Qe3 Qh5 33. f4 f6 34. Bc3 Qg6 35. Qa7 Qxd3 36. Qxd7 Qe4 37. Bd2 Rb2 38. Qd8+ Kh7 39. Qxa5 Qd4 40.
Bc1 Re2 41. c5 Qf2 0-1

[Event "Early-Titled-Tuesday-Blitz-January-16-2024"]
[Site "Chess.com"]
[Date "2024.01.16"]
[Round "3"]
[White "MokshAD1603"]
[Black "Bkmzzzzz"]
[Result "1-0"]
[WhiteElo "2608"]
[BlackElo "2390"]
[TimeControl "180+1"]
[EndTime "8:29:13 PST"]
[Termination "MokshAD1603 won by checkmate"]

1. d4 d5 2. c4 dxc4 3. Nf3 a6 4. e3 Nf6 5. Bxc4 e6 6. O-O c5 7. b3 b5 8. Be2 Bb7 9. a4 bxa4 10. Rxa4 Be7 11. dxc5 Qxd1 12. Rxd1 Bxc5 13. Rc4 Nbd7 14. Bb2 Bd5 15. Rcc1 Bxb3 16. Rd3 Bd5 17. Nc3 Bb7 18. Na4 Be7 19. Rc7 Be4 20. Rd1 Bd8 21. Rcc1 O-O 22. Nd4 Bb7 23. Nc6 Bxc6 24. Rxc6 a5 25. Bf3 Rb8 26.
Bc3 h6 27. h3 Re8 28. Ra6 Rb5 29. Bc6 Rb3 30. Bxd7 Nxd7 31. Rxd7 Ra3 32. Ra8 Rxa4 33.
Raxd8 Rxd8 34. Rxd8+ Kh7 35. Ra8 Rc4 36. Bxa5 Kg6 37.
Bb6 Kf5 38. Ra5+ Kf6 39. Bd4+ Kg6 40. g4 Rc2 41. h4 Kh7 42. Ra7 Kg6 43. Kg2 f6 44.
h5+ Kg5 45. Kg3 g6 46. f4# 1-0

[Event "Early-Titled-Tuesday-Blitz-January-16-2024"]
[Site "Chess.com"]
[Date "2024.01.16"]
[Round "3"]
[White "CFN_Good_Evening"]
[Black "Barmen_EV"]
[Result "0-1"]
[WhiteElo "1865"]
[BlackElo "2542"]
[TimeControl "180+1"]
[EndTime "8:29:13 PST"]
[Termination "Barmen_EV won by checkmate"]

1. d4 f5 2. g3 Nf6 3. Bg2 g6 4. c4 Bg7 5. Nc3 O-O 6. Nf3 d6 7. O-O Qe8 8. Re1 e5 9. e4 Nc6 10. exf5 Bxf5 11. dxe5 dxe5 12. Nh4 Rd8 13. Qa4 Nd4 14.
Nxf5 gxf5 15. Be3 Qxa4 16. Nxa4 Nc2 17. Bxb7 Nxa1 18. Rxa1 a5 19. Bg2 Rfe8 20. Nc5 Rd6 21.
Nb7 Rde6 22. Nxa5 e4 23. Nb3 Ng4 24. Bf4 Bxb2 25. Rb1 Be5 26. Bxe5 Nxe5 27. Nd4 Rf6 28. Rb7 Rd8 29. Nb5 Rd1+ 30. Bf1 Nf3+ 31. Kg2 Rh6 32. h4 Nxh4+ 33. gxh4 Rg6+ 34. Kh2 Rxf1 35. Rxc7 Rxf2+ 36. Kh3 f4 37. h5 Rg3+ 38. Kh4 Rh2# 0-1

[Event "Early-Titled-Tuesday-Blitz-January-16-2024"]
[Site "Chess.com"]
[Date "2024.01.16"]
[Round "3"]
[White "Licancabur"]
[Black "Shuvalov"]
[Result "1-0"]
[WhiteElo "2461"]
[BlackElo "2528"]
[TimeControl "180+1"]
[EndTime "8:29:13 PST"]
[Termination "Licancabur won by resignation"]

1. d4 Nf6 2. Bg5 g6 3. Bxf6 exf6 4. e3 Bg7 5. g3 O-O 6. Bg2 f5 7. c4 c5 8. Ne2 Nc6 9. O-O d6 10.
Nbc3 Re8 11. Qd2 Bh6 12. Rfd1 cxd4 13. Nxd4 Ne5 14. b3 a6 15. Nd5 Bf8 16. Rac1 Be6 17.
Nf4 Bc8 18. h3 Rb8 19. b4 b6 20. Nc6 Nxc6 21. Bxc6 Re5 22. c5 bxc5 23. bxc5 g5 24. Nh5 f4 25. exf4 gxf4 26. Nxf4 Qf6 27. cxd6 Rb2 28.
Qxb2 Re1+ 29. Rxe1 Qxb2 30. d7 Bxd7 31. Bxd7 Bb4 32.
Nh5 f5 33. Be6+ Kf8 34. Red1 Bd2 35. Rc7 f4 36. Rf7+ Ke8 37. Nf6+ Kd8 38. Ne4 Qe5 39.
Rxd2+ Ke8 40. Nf6+ Qxf6 41. Rxf6 fxg3 42. Rh6 1-0

[Event "Early-Titled-Tuesday-Blitz-January-16-2024"]
[Site "Chess.com"]
[Date "2024.01.16"]
[Round "3"]
[White "Jojo_898"]
[Black "DamianoLew95"]
[Result "0-1"]
[WhiteElo "2465"]
[BlackElo "2669"]
[TimeControl "180+1"]
[EndTime "8:29:14 PST"]
[Termination "DamianoLew95 won on time"]

1. e4 c5 2. Nf3 d6 3. d4 cxd4 4.
Nxd4 Nf6 5. Nc3 a6 6. Bc4 e6 7. O-O b5 8. Bb3 Nbd7 9. Qe2 Nc5 10. Bg5 h6 11. Bh4 g5 12. Bg3 b4 13. Nd5 Nxd5 14.
exd5 Nxb3 15. axb3 Bg7 16. dxe6 Bxd4 17. exf7+ Kxf7 18. Qf3+ Bf5 19. Qxf5+ Qf6 20. Qd5+ Kg7 21. Rad1 Bxb2 22. Bxd6 Rad8 23. Qb7+ Qf7 24. Qxb4 Bf6 25. f4 g4 26. f5 h5 27. Qa4 Qa7+ 28. Kh1 Rhe8 29. Bg3 Qb7 30. Qf4 Re2 31. Qc7+ Qxc7 32. Bxc7 Rxd1 33. Rxd1 Rxc2 34. Bf4 Rb2 0-1

[Event "Early-Titled-Tuesday-Blitz-January-16-2024"]
[Site "Chess.com"]
[Date "2024.01.16"]
[Round "3"]
[White "TigrVShlyape"]
[Black "Flawless_Fighter"]
[Result "1-0"]
[WhiteElo "2946"]
[BlackElo "2710"]
[TimeControl "180+1"]
[EndTime "8:29:15 PST"]
[Termination "TigrVShlyape won on time"]

1. d4 Nf6 2. Bf4 d5 3. e3 c5 4. c3 Nc6 5. Nd2 Bf5 6. Qb3 Qc8 7. a4 e6 8. Ngf3 Be7 9. Be2 O-O 10. h3 h6 11. O-O Rd8 12. a5 a6 13. Rfc1 Qd7 14.
Qa2 Rac8 15. dxc5 Bxc5 16. b4 Be7 17. b5 axb5 18. Bxb5 Bd6 19. Nd4 Bxf4 20. exf4 Qc7 21. Bxc6 bxc6 22. Nxf5 exf5 23. g3 Ra8 24. a6 Ra7 25. Qa5 Qxa5 26. Rxa5 Rda8 27. Rca1 Ne8 28. Nb3 Nc7 29. Nd4 Rxa6 30. Rxa6 Rxa6 31. Rxa6 Nxa6 32. Nxc6 Kf8 33. Kf1 Ke8 34. Ke2 Kd7 35. Nd4 g6 36. Nb3 Kd6 37. Ke3 Nc7 38. Nd4 Na6 39. Nf3 Nc5 40.
Ne5 Ke6 41. f3 g5 42. Nc6 Kf6 43. fxg5+ hxg5 44. Kd4 Nb3+ 45. Kxd5 Nd2 46. Ne5 Nf1 47. g4 Ne3+ 48. Kd6 f4 49. c4 Kg7 50. c5 f6 51. Nd7 Kf7 52. c6 Nc4+ 53. Kc5 Na5 54. c7 Nb7+ 55. Kc6 Nd6 56. Kxd6 1-0

[Event "Early-Titled-Tuesday-Blitz-January-16-2024"]
[Site "Chess.com"]
[Date "2024.01.16"]
[Round "3"]
[White "SaiHanThiha"]
[Black "JSPrepz"]
[Result "0-1"]
[WhiteElo "2580"]
[BlackElo "2870"]
[TimeControl "180+1"]
[EndTime "8:29:15 PST"]
[Termination "JSPrepz won by resignation"]

1. Nf3 c5 2. g3 Nc6 3. Bg2 g6 4.
O-O Bg7 5. c4 e6 6. Nc3 Nge7 7.
d4 Nxd4 8. Nxd4 cxd4 9. Nb5 Qb6 10. e3 d5 11. Nxd4 dxc4 12. Qa4+ Bd7 13. Qxc4 O-O 14. Bd2 Nd5 15. Qb3 Bxd4 16. exd4 Qxb3 17. axb3 Bc6 18.
Rfc1 Rfd8 19. Bg5 Rd7 20. Bxd5 Rxd5 21. Be3 f6 22. Rc3 a6 23. Rac1 Kf7 24. f3 Rb5 25. Kf2 Rd8 26. Ra1 Rd7 27. g4 Bd5 28. Ra3 Bc6 29. h4 h5 30. Rc5 Rxc5 31. dxc5 Rd1 32. gxh5 gxh5 33. b4 Rb1 34. Bd4 e5 35. Bc3 Ke6 36.
Ke3 Rh1 37. Ke2 Rh2+ 38. Kf1 Rxh4 39. Be1 Rh1+ 40. Kf2 Rh2+ 41. Kg3 Rxb2 42. Rd3 Rb1 43. Bc3 Rg1+ 44. Kf2 Rc1 45. Bd2 Rc2 46. Ke2 Bd5 47. Ra3 h4 48. Ra1 Bxf3+ 49. Ke3 Bd5 50. Be1 h3 51. Bg3 Rc3+ 52. Kf2 Rf3+ 0-1

[Event "Early-Titled-Tuesday-Blitz-January-16-2024"]
[Site "Chess.com"]
[Date "2024.01.16"]
[Round "3"]
[White "Kirill_Klukin"]
[Black "HATilay"]
[Result "1-0"]
[WhiteElo "2858"]
[BlackElo "2566"]
[TimeControl "180+1"]
[EndTime "8:29:15 PST"]
[Termination "Kirill_Klukin won by resignation"]

1. c4 c6 2. g3 Nf6 3. Bg2 e5 4. d4 exd4 5. Qxd4 Na6 6. Nf3 Bc5 7.
Qe5+ Qe7 8. Qxe7+ Bxe7 9. a3 d5 10. cxd5 Nxd5 11. e4 Nb6 12. b4 Nc7 13. Bb2 O-O 14.
O-O Na4 15. Be5 Nb5 16. Nbd2 Be6 17. Rfc1 Rfd8 18. Nc4 g5 19. Na5 f6 20. Nxb7 Rd7 21.
Rxc6 Rxb7 22. Rxe6 fxe5 23. Nxe5 Nd4 24. Ra6 Nb6 25.
Rd1 Rd8 26. Kh1 Bf6 27. Ng4 Be7 28. Ne3 Ne6 29. Nd5 Rd6 30. Nxe7+ Rxe7 31. Rxd6 Nc7 32. Rxa7 Nc4 33. Rc6 Rd7 34. Raxc7 1-0

[Event "Early-Titled-Tuesday-Blitz-January-16-2024"]
[Site "Chess.com"]
[Date "2024.01.16"]
[Round "3"]
[White "PLAYER_2006_M"]
[Black "jhedigm"]
[Result "1-0"]
[WhiteElo "2872"]
[BlackElo "2586"]
[TimeControl "180+1"]
[EndTime "8:29:16 PST"]
[Termination "PLAYER_2006_M won by resignation"]

1. e4 c5 2. Nf3 g6 3. d4 cxd4 4. Nxd4 Bg7 5. Nc3 d6 6. Be3 a6 7. h4 h5 8. Qd2 b5 9. f3 Bb7 10. O-O-O Nf6 11. Kb1 Nbd7 12. a3 Rc8 13. Be2 Ne5 14.
Bg5 Nc4 15. Bxc4 Rxc4 16. Nde2 Qc8 17. Nf4 O-O 18. Bxf6 Bxf6 19. Ncd5 Bxd5 20. Nxd5 Qe6 21. g4 Rfc8 22. c3 hxg4 23. h5 g5 24. Rdg1 gxf3 25. Rxg5+ Kh7 26. h6 Qxe4+ 27. Ka1 f2 28. Nxf6+ exf6 29.
Rg7+ Kh8 30. Rf1 d5 31. Qxf2 Qe5 32. Qg2 f5 33. Rg1 Rg4 34. Rxg4 fxg4 35. Qxg4 Re8 36. Rf1 d4 37. cxd4 1-0

[Event "Early-Titled-Tuesday-Blitz-January-16-2024"]
[Site "Chess.com"]
[Date "2024.01.16"]
[Round "3"]
[White "only_strong_moves"]
[Black "Sanan_Sjugirov"]
[Result "0-1"]
[WhiteElo "2535"]
[BlackElo "2957"]
[TimeControl "180+1"]
[EndTime "8:29:16 PST"]
[Termination "Sanan_Sjugirov won on time"]

1. d4 Nf6 2. Nc3 d5 3. Bf4 Bf5 4. e3 c6 5. Nf3 e6 6. Ne5 h6 7. g4 Bh7 8. h4 Nbd7 9. g5 Nxe5 10.
gxf6 Ng6 11. fxg7 Bxg7 12. Bg3 Ne7 13. h5 Nf5 14. Bf4 Qb6 15. Na4 Qa5+ 16. c3 Qd8 17. Bd3 Qe7 18. Nc5 b6 19. Na6 Rc8 20. Qe2 c5 21.
Bb5+ Kf8 22. Be5 Bxe5 23. dxe5 Rg8 24. O-O-O d4 25. e4 Qg5+ 26. Kb1 Ne7 27. cxd4 cxd4 28. Rxd4 Qxe5 29. Rhd1 Rg5 30. a4 Kg7 31. Qe3 Rg4 32. f3 Rg2 33. f4 Qxh5 34. Rd7 Nd5 35. Qd4+ Kg8 36. Ka1 Bxe4 37. Re1 Bg6 38. Nb4 Nxb4 39. Qxb4 Qc5 40. Qb3 Qc2 41. Qxc2 Rcxc2 42. Red1 Rxb2 0-1

[Event "Early-Titled-Tuesday-Blitz-January-16-2024"]
[Site "Chess.com"]
[Date "2024.01.16"]
[Round "3"]
[White "jup1978"]
[Black "CrushingKings"]
[Result "0-1"]
[WhiteElo "2464"]
[BlackElo "2668"]
[TimeControl "180+1"]
[EndTime "8:29:16 PST"]
[Termination "CrushingKings won by resignation"]

1. Nf3 g6 2. d4 Bg7 3. e4 c6 4. Nbd2 d5 5. c3 dxe4 6. Nxe4 Nf6 7. Nxf6+ exf6 8. Bc4 O-O 9. O-O a5 10. a4 Nd7 11. h3 Nb6 12. Bb3 Nd5 13. Re1 Be6 14.
Bd2 Qd6 15. Bc2 Rfd8 16. Qc1 b5 17. axb5 cxb5 18. Bh6 a4 19. Bxg7 Kxg7 20. Nd2 f5 21.
Bd3 b4 22. Nf3 a3 23. bxa3 bxc3 24. Ne5 Ra4 25. Bc4 Rc8 26. Bb3 Rxd4 27. Nf3 Re4 28. Ng5 Rxe1+ 29. Qxe1 Nf4 30. Bxe6 Nxe6 31. Nf3 c2 32. Rc1 Nf4 33. Qe3 Nd3 34. Ng5 Nxc1 35. Qxc1 Qd1+ 36. Kh2 Qxc1 0-1

[Event "Early-Titled-Tuesday-Blitz-January-16-2024"]
[Site "Chess.com"]
[Date "2024.01.16"]
[Round "3"]
[White "Balla_Tamas"]
[Black "GeorgiosSouleidis"]
[Result "1/2-1/2"]
[WhiteElo "2467"]
[BlackElo "2653"]
[TimeControl "180+1"]
[EndTime "8:29:18 PST"]
[Termination "Game drawn by repetition"]

1. e4 c5 2. c3 d5 3. exd5 Qxd5 4.
d4 Nf6 5. Nf3 e6 6. Be3 cxd4 7.
cxd4 Nc6 8. Nc3 Qd8 9. Bd3 Be7 10. O-O O-O 11. a3 b6 12. Qe2 Bb7 13. Rad1 Rc8 14.
Bb1 Na5 15. Rfe1 Re8 16. Bg5 Nd5 17. Ne4 h6 18. Bxe7 Qxe7 19. Ne5 Nf6 20. Ng3 Red8 21. Qd3 Nc6 22. Nh5 Nxe5 23. Nxf6+ Qxf6 24. Qh7+ Kf8 25.
dxe5 Rxd1 26. Qh8+ Ke7 27. exf6+ gxf6 28. Qxf6+ Kxf6 29. Rxd1 Bd5 30. f3 Bb3 31. Re1 Rd8 32. Kf2 Rd2+ 33.
Re2 Rd1 34. Be4 a5 35. Bc2 Bxc2 36. Rxc2 Ke5 37. Ke2 Rg1 38. Kf2 Rd1 39. Ke2 Rd6 40. Ke3 h5 41. Rc8 Kf6 42. Rh8 Kg6 43. Rg8+ Kf6 44. Rh8 Kg6 45. Rg8+ Kf6 46. Rh8 1/2-1/2

[Event "Early-Titled-Tuesday-Blitz-January-16-2024"]
[Site "Chess.com"]
[Date "2024.01.16"]
[Round "3"]
[White "NikaVolkov"]
[Black "Aleksandar-Topalov"]
[Result "1-0"]
[WhiteElo "2581"]
[BlackElo "2303"]
[TimeControl "180+1"]
[EndTime "8:29:18 PST"]
[Termination "NikaVolkov won on time"]

1. Nf3 Nf6 2. e3 g6 3. d4 Bg7 4. c4 O-O 5. Be2 c5 6. O-O d6 7. Nc3 Nc6 8. b3 Bf5 9. Bb2 Ne4 10. Nxe4 Bxe4 11. Qd2 Qb6 12. Rad1 a5 13. Nh4 cxd4 14. exd4 Nb4 15. Bc3 Bf6 16. Nf3 Bc2 17. Rc1 Be4 18. Rfe1 Nc6 19. d5 Bxf3 20. Bxf6 exf6 21.
dxc6 Bxc6 22. Qxd6 Rad8 23. Qxf6 Rd2 24. c5 Qb4 25. Bc4 Rc2 26. h4 Qd2 27. Rcd1 Qh6 28. Re7 Qg7 29. Qf4 Rxa2 30. h5 g5 31. Qf5 h6 32. Rd6 Ra1+ 33. Kh2 Kh8 34. Bxf7 Rc1 35. Rg6 Rxf7 36. Rxf7 1-0

[Event "Early-Titled-Tuesday-Blitz-January-16-2024"]
[Site "Chess.com"]
[Date "2024.01.16"]
[Round "3"]
[White "shirovin"]
[Black "alekroth65"]
[Result "0-1"]
[WhiteElo "1984"]
[BlackElo "2364"]
[TimeControl "180+1"]
[EndTime "8:29:18 PST"]
[Termination "alekroth65 won on time"]

1. e4 d6 2. d4 Nf6 3. Nc3 g6 4.
h3 Bg7 5. Be3 a6 6. f4 b5 7. g4 b4 8. e5 bxc3 9. exf6 Bxf6 10.
bxc3 h5 11. Bg2 c6 12. Qf3 Qa5 13. Ne2 Be6 14. O-O hxg4 15. hxg4 Bd5 16. Qf2 Bh4 17. Ng3 Qxc3 18. Bxd5 cxd5 19. Rfe1 Nc6 20. Rad1 Rc8 21. Rd3 Qc4 22. Qg2 Nb4 23. Rd2 Nxc2 24. Rc1 Qc3 25. Rcxc2 Qxe3+ 26. Qf2 Qxf2+ 27. Kxf2 Kd7 28. Kf3 Rxc2 29.
Rxc2 Rb8 30. Ne2 Rb4 31. g5 Ra4 32. Kg4 Bf2 33. Rd2 e6 34. Kf3 Be1 35. Rd1 Ra3+ 36.
Kg2 Ba5 37. Ra1 Bb6 38. Kf2 Rd3 39. Rb1 Kc7 40. Rc1+ Kb7 41. Rb1 Ka7 42. a4 Bxd4+ 43. Nxd4 Rxd4 44. Kf3 Rxa4 45. Rc1 Rc4 46. Rb1 Rc7 47. Rh1 a5 48. Rh8 Ka6 0-1

[Event "Early-Titled-Tuesday-Blitz-January-16-2024"]
[Site "Chess.com"]
[Date "2024.01.16"]
[Round "3"]
[White "Sanyura"]
[Black "KuzubovYuriy"]
[Result "0-1"]
[WhiteElo "2615"]
[BlackElo "2880"]
[TimeControl "180+1"]
[EndTime "8:29:19 PST"]
[Termination "KuzubovYuriy won by resignation"]

1. e4 e6 2. d4 d5 3. Nc3 Bb4 4. e5 Ne7 5. Bd2 b6 6. Qg4 Nf5 7. Bd3 h5 8. Qf4 g5 9. Qf3 Nxd4 10.
Qg3 Rg8 11. h4 g4 12. Qf4 c5 13. a3 Bxc3 14. bxc3 Nf5 15. Bxf5 exf5 16. Qh6 Qe7 17. Bg5 Qe6 18. Qxh5 Ba6 19. Qh7 Qxe5+ 20. Kd2 Rh8 21. f4 gxf3 22. Qxh8+ Qxh8 23. Re1+ Kf8 24. Be7+ Kg8 25.
Nxf3 Nc6 26. Bg5 Kh7 27. Bf4 f6 28. Re6 Bb7 29. Rhe1 Rg8 30. g3 Qg7 31. h5 Qf7 32. h6 Qd7 33. Nh4 Bc8 34. Rxf6 Re8 35. Rd6 Qf7 36.
Rxc6 Rxe1 37. Rc7 Re7 38. Rxc8 Qe6 39. Kc1 d4 40. Rb8 Qe1+ 41. Kb2 Qxc3+ 0-1

[Event "Early-Titled-Tuesday-Blitz-January-16-2024"]
[Site "Chess.com"]
[Date "2024.01.16"]
[Round "3"]
[White "ritanovikova"]
[Black "LeoLV10"]
[Result "0-1"]
[WhiteElo "2173"]
[BlackElo "2454"]
[TimeControl "180+1"]
[EndTime "8:29:19 PST"]
[Termination "LeoLV10 won on time"]

1. e4 c6 2. d4 d5 3. exd5 cxd5 4. Bd3 Nc6 5. c3 Nf6 6. h3 g6 7. Nf3 Bf5 8. Bxf5 gxf5 9. Qd3 e6 10. Bf4 Bd6 11.
Bxd6 Qxd6 12. Nbd2 Rg8 13. g3 Ne4 14. Nf1 O-O-O 15. N3d2 e5 16. dxe5 Nxe5 17. Qd4 Nc6 18. Qd3 Qc5 19. Ne3 d4 20. Nb3 dxe3 21. Nxc5 exf2+ 22. Ke2 Rxd3 23. Nxd3 Nxg3+ 24. Kxf2 Nxh1+ 25. Rxh1 Rd8 26. Ke3 Re8+ 27. Kf2 Re4 28. Rg1 Rh4 29. Kg3 Rh6 30. Rf1 Rg6+ 31. Kh2 Rd6 32. Rf3 Ne7 33. Kg2 f6 34.
Kf2 b6 35. Ke2 Kd7 36. Nf4 Ke8 37. Nh5 Kf7 38. Ng3 Rd5 39. Re3 Re5 40. Nf1 Nd5 41. Rxe5 fxe5 42. c4 Nf4+ 43. Kf3 Nxh3 44. Ng3 Ke6 45.
b4 Ng5+ 46. Ke2 f4 47. Nh5 Ne4 0-1

[Event "Early-Titled-Tuesday-Blitz-January-16-2024"]
[Site "Chess.com"]
[Date "2024.01.16"]
[Round "3"]
[White "MathiasWomacka"]
[Black "Viktor_Poddubnyi"]
[Result "1-0"]
[WhiteElo "2581"]
[BlackElo "2298"]
[TimeControl "180+1"]
[EndTime "8:29:19 PST"]
[Termination "MathiasWomacka won on time"]

1. e4 g6 2. d4 Bg7 3. Nc3 d6 4. f4 Nf6 5. Nf3 c5 6. Bb5+ Bd7 7. e5 Ng4 8. Bxd7+ Qxd7 9. d5 dxe5 10. h3 e4 11. hxg4 exf3 12. Qxf3 Na6 13. Bd2 O-O-O 14.
O-O-O Nc7 15. Be1 h6 16. f5 Nb5 17. Nxb5 Qxb5 18. Bc3 Bxc3 19. Qxc3 Qa4 20. Qxc5+ Kb8 21. Kb1 Rc8 22. Qf2 Qxg4 23. fxg6 fxg6 24. Rhe1 Rc7 25. Qe2 Qxe2 26. Rxe2 Rd8 27. Re6 Rd6 28. c3 Rcd7 29.
Rde1 Rxd5 30. Rxg6 Rg5 31. Rxg5 hxg5 32. Re5 Rd2 33.
Rxg5 Kc7 34. a4 Re2 35. Ka2 a6 36. a5 Kd7 37. Kb3 Kc7 38. g4 Kd7 39. c4 Kd6 40. Kc3 Re3+ 41. Kd4 Rb3 42. Rg6+ Kd7 43. Rb6 1-0

[Event "Early-Titled-Tuesday-Blitz-January-16-2024"]
[Site "Chess.com"]
[Date "2024.01.16"]
[Round "3"]
[White "FormerProdigy"]
[Black "DreamsAreFake"]
[Result "1-0"]
[WhiteElo "3015"]
[BlackElo "2741"]
[TimeControl "180+1"]
[EndTime "8:29:20 PST"]
[Termination "FormerProdigy won by checkmate"]

1. d4 Nf6 2. c4 b6 3. Nc3 Bb7 4. Qc2 d5 5. cxd5 Nxd5 6. e4 Nxc3 7. bxc3 e6 8. Nf3 Be7 9. Bd3 O-O 10. O-O c5 11.
Rd1 cxd4 12. cxd4 Nc6 13. Qb2 Rc8 14. Bf4 Na5 15. Rac1 Rxc1 16. Rxc1 Qa8 17. Qe2 Rc8 18. h4 Rxc1+ 19. Bxc1 Qd8 20. h5 h6 21. Be3 Nc6 22.
Bb1 Qd6 23. e5 Qd5 24. Qd3 f5 25. exf6 Bxf6 26. Qh7+ Kf8 27. Be4 Qxh5 28. Bg6 Qg4 29. Qh8+ Ke7 30. Qe8+ Kd6 31. Ne5 Nxe5 32. Qb8+ Kd5 33.
Qxb7+ Kc4 34. Bc2 Qe2 35. Qa6+ b5 36. Qxe6+ Kc3 37. Qb3# 1-0

[Event "Early-Titled-Tuesday-Blitz-January-16-2024"]
[Site "Chess.com"]
[Date "2024.01.16"]
[Round "3"]
[White "GMT4114"]
[Black "elchacal664"]
[Result "0-1"]
[WhiteElo "1976"]
[BlackElo "2355"]
[TimeControl "180+1"]
[EndTime "8:29:20 PST"]
[Termination "elchacal664 won by resignation"]

1. e4 c5 2. Nc3 Nc6 3. Bb5 e5 4. Nf3 d6 5. d3 Bd7 6. Bc4 h6 7. O-O Nf6 8. Ne2 Be7 9. c3 O-O 10. Ng3 Na5 11. Bb3 Nxb3 12. axb3 a6 13. h3 Bc6 14. Qe2 Re8 15. Nf5 Bf8 16. g4 d5 17.
d4 exd4 18. cxd4 Rxe4 19. Qd2 cxd4 20. g5 hxg5 21. Qxg5 Nh7 22. Nh6+ Kh8 23. Nxf7+ Kg8 24. Nxd8 Nxg5 25. Nxg5 Rxd8 26. Nxe4 dxe4 27. Bg5 Re8 28. Rfe1 Bc5 29. Rad1 Re6 30. b4 Bb6 31. h4 e3 32. fxe3 dxe3 33. Re2 Re4 34. Rde1 Rxb4 35. Bxe3 Bxe3+ 36. Rxe3 Rxb2 37. R1e2 Rb4 38. h5 Rg4+ 39. Kf2 Rh4 40. Re5 Kh7 41. Rc2 Rh2+ 0-1

[Event "Early-Titled-Tuesday-Blitz-January-16-2024"]
[Site "Chess.com"]
[Date "2024.01.16"]
[Round "3"]
[White "Kildepiotr"]
[Black "Smiechu"]
[Result "0-1"]
[WhiteElo "2661"]
[BlackElo "2487"]
[TimeControl "180+1"]
[EndTime "8:29:21 PST"]
[Termination "Smiechu won by resignation"]

1. d4 Nf6 2. c4 c5 3. d5 e6 4. Nc3 exd5 5. cxd5 d6 6. e4 g6 7. f4 Bg7 8. Bb5+ Nfd7 9. a4 O-O 10. Nf3 a6 11. Be2 Nf6 12. Nd2 Nbd7 13. O-O Rb8 14. a5 Re8 15. Bf3 Qc7 16. Nc4 b5 17. axb6 Nxb6 18.
Na5 Bd7 19. Re1 Bb5 20. e5 Nfd7 21. Nxb5 axb5 22. e6 Nf6 23. Nc6 Ra8 24. Rxa8 Nxa8 25. f5 Nb6 26. Bf4 Nc8 27. Qc2 Ne7 28. exf7+ Kxf7 29. fxg6+ hxg6 30. Bg3 Nf5 31. Rxe8 Nxe8 32. Bf2 Nf6 33.
g4 Ne7 34. Bg3 Nexd5 35. Bxd5+ Nxd5 36. Qf2+ Kg8 37. Na7 Bd4 0-1

[Event "Early-Titled-Tuesday-Blitz-January-16-2024"]
[Site "Chess.com"]
[Date "2024.01.16"]
[Round "3"]
[White "LimeInTheCoconut"]
[Black "Ezov"]
[Result "1-0"]
[WhiteElo "2553"]
[BlackElo "2248"]
[TimeControl "180+1"]
[EndTime "8:29:21 PST"]
[Termination "LimeInTheCoconut won on time"]

1. e4 e6 2. d4 d5 3. Nc3 Bb4 4. exd5 exd5 5. Bd3 Ne7 6. Qf3 Nbc6 7. Ne2 Be6 8. h3 Qd7 9. Bf4 O-O-O 10. a3 Ba5 11. O-O f6 12. Na4 Bb6 13. Nxb6+ axb6 14. a4 g5 15. Bh2 h5 16. Qxf6 Rdf8 17. Qxg5 Rfg8 18.
Qe3 Bxh3 19. Nf4 Bf5 20. Be2 Be4 21. Rfe1 Nf5 22. Qh3 Nfxd4 23. Qxd7+ Kxd7 24. Bd1 h4 25. c3 Nf3+ 26. Bxf3 Bxf3 27. Re3 Be4 28. f3 Bf5 29.
Nxd5 Rg7 30. b4 Be6 31. Nf4 Bf5 32. b5 Na5 33. Nd5 Nc4 34. Re2 Be6 35. Nf6+ Ke7 36.
Ne4 1-0

[Event "Early-Titled-Tuesday-Blitz-January-16-2024"]
[Site "Chess.com"]
[Date "2024.01.16"]
[Round "3"]
[White "Flaccidmoves"]
[Black "Gennady_Kozlov"]
[Result "0-1"]
[WhiteElo "2433"]
[BlackElo "2624"]
[TimeControl "180+1"]
[EndTime "8:29:22 PST"]
[Termination "Gennady_Kozlov won by resignation"]

1. d4 e6 2. e4 d5 3. Nc3 Nf6 4. e5 Nfd7 5. f4 c5 6. Nf3 Nc6 7. Be3 Qb6 8. Na4 Qa5+ 9. c3 cxd4 10. b4 Nxb4 11. cxb4 Bxb4+ 12. Bd2 Bxd2+ 13. Nxd2 b5 14. Nb2 O-O 15. Nd3 Nb6 16. Kf2 Nc4 17. Nb3 Qb6 18.
Be2 f6 19. exf6 Rxf6 20. Bf3 Bb7 21. Re1 Raf8 22. Kg1 a5 23. Rb1 Bc6 24. Nbc5 b4 25. Nxe6 Ne3 26. Nxf8 Nxd1 27. Rbxd1 Kxf8 28. g3 a4 29. Kg2 b3 30. axb3 axb3 31. Ne5 Re6 32. Bg4 Re7 33. h4 Ra7 34. h5 b2 35. Bf5 Ra1 36. Bxh7 Rxd1 37. Rxd1 Be8 38. g4 Qb3 39. Re1 Qc3 40. Re2 Qc1 41. Ng6+ Bxg6 42. Bxg6 Qc8 43.
Rxb2 Qxg4+ 44. Kf1 Qf3+ 45. Rf2 Qd1+ 46. Kg2 Ke7 47.
f5 Kf6 48. Rf1 Qg4+ 49. Kf2 d3 50. Re1 d2 51. Re6+ Kg5 52. f6 Qxe6 53. fxg7 d1=Q 0-1

[Event "Early-Titled-Tuesday-Blitz-January-16-2024"]
[Site "Chess.com"]
[Date "2024.01.16"]
[Round "3"]
[White "dosto07"]
[Black "KorolDimitriy75"]
[Result "1/2-1/2"]
[WhiteElo "2525"]
[BlackElo "2347"]
[TimeControl "180+1"]
[EndTime "8:29:22 PST"]
[Termination "Game drawn by agreement"]

1. e4 c5 2. Nf3 d6 3. d4 cxd4 4.
Qxd4 a6 5. Bc4 Nc6 6. Qd3 g6 7. Nc3 Bg7 8. Bg5 Nf6 9. h3 O-O 10. O-O b5 11. Bb3 Bb7 12. Qe3 Nd7 13. Bh6 Rc8 14.
Bxg7 Kxg7 15. Rfd1 Qb6 16. Qd2 Nf6 17. Nd5 Nxd5 18. exd5 Na5 19. Re1 Rfe8 20. Re3 Nc4 21. Bxc4 Rxc4 22. Rae1 Qc7 23. c3 Rc5 24. Qd4+ Kg8 25.
Qh4 Bxd5 26. Rxe7 Rxe7 27. Rxe7 Qd8 28. Ng5 h5 29. Ne4 Bxe4 30. Qxe4 Kf8 31. Ra7 Qf6 32. Rxa6 Re5 33. Qb1 Qe6 34. Kf1 Qc4+ 35. Kg1 Qe6 36. Kh2 Re2 37. Qd3 Qe5+ 38. Qg3 Rxb2 39. Rxd6 Qxg3+ 40. Kxg3 Rxa2 41. Rb6 Ra3 42. Rxb5 Rxc3+ 43. f3 Rc6 44. h4 Re6 1/2-1/2